 Dungeon Crawl Stone Soup version 0.28-b1-25-g9875b3fc8c (webtiles) character file.

Game seed: 14241336703426852755

32 Angani the Sneak (level 3, -1/18 HPs)
             Began as a Vine Stalker Brigand on Feb 8, 2022.
             Slain by a gnoll (3 damage)
             ... on level 2 of the Dungeon.
             The game lasted 00:01:16 (1062 turns).

Angani the Sneak (Vine Stalker Brigand)             Turns: 1062, Time: 00:01:17

Health: -1/18      AC:  3    Str: 13    XL:     3   Next: 25%
Magic:  0/4        EV: 12    Int: 11    God:
Gold:   84         SH:  0    Dex: 17    Spells: 2/2 levels left

rFire   . . .      SeeInvis .   i - +2 falchion (elec)
rCold   . . .      Faith    .   (no shield)
rNeg    . . .      Spirit   +   b - +0 robe
rPois   .          Reflect  .   (no helmet)
rElec   .          Harm     .   c - +0 cloak
rCorr   .          Rampage  .   (no gloves)
Will    .....                   (no boots)
Stlth   +++.......              (no amulet)
HPRegen 0.06/turn               (no ring)
MPRegen 0.09/turn               (no ring)

@: no status effects
A: fangs 2, magic shield, antimagic bite, no potion heal 2
a: no special abilities


You were on level 2 of the Dungeon.
You visited 1 branch of the dungeon, and saw 2 of its levels.

You collected 84 gold pieces.

Inventory:

Hand Weapons
 a - a +2 dagger
 i - a +2 falchion of electrocution (weapon)
Missiles
 d - 8 poisoned darts (quivered)
 e - 2 curare-tipped darts
Armour
 b - a +0 robe (worn)
 c - a +0 cloak (worn)
Jewellery
 k - a ring of protection from cold
Scrolls
 g - a scroll of vulnerability {unknown}
 j - a scroll of magic mapping {unknown}
 l - a scroll of fog {unknown}
 m - a scroll of teleportation {unknown}
Potions
 f - a potion of berserk rage {unknown}
 h - a potion of mutation {unknown}


   Skills:
 + Level 2.0 Fighting
 + Level 1.9 Short Blades
 - Level 1.7 Throwing
 + Level 1.1 Dodging
 - Level 5.8 Stealth


You had 2 spell levels left.
You didn't know any spells.
Your spell library was empty.

Dungeon Overview and Level Annotations

Branches:
Dungeon (2/15)

Altars:


Innate Abilities, Weirdness & Mutations

You have extremely sharp teeth.
When hurt, damage is shared between your health and your magic reserves.
Your bite disrupts and absorbs the magic of your enemies.
Potions cannot restore your health.


Message History

A gnoll comes into view. It is wielding a +0 flail.
A gnoll comes into view. It is wielding a +0 club.
A ball python comes into view.
Found a stone staircase leading up.
The gnoll shouts!
You hear an angry hiss.
A giant cockroach comes into view.
The gnoll shouts!
You hear an angry hiss.
The ball python closely misses you. The ball python grabs you.
The ball python constricts you. The ball python bites you.
The ball python constricts you.
You escape the ball python's grasp.
The gnoll shouts!
A ball python comes into view.
The ball python hisses angrily.
You hit the ball python.
You kill the ball python!
You closely miss the gnoll. The gnoll hits you with a +0 club.
You closely miss the gnoll. Your bite misses the gnoll.
The gnoll hits you with a +0 club.
You closely miss the gnoll. You bite the gnoll. You drain its power.
You feel invigorated.
The gnoll is moderately wounded.
The gnoll hits you with a +0 club. x2
You hit the gnoll. You bite the gnoll. You drain its power.
You feel invigorated.
The gnoll is heavily wounded.
The gnoll misses you.
You hit the gnoll but do no damage. You bite the gnoll, but do no damage.
The gnoll is heavily wounded.
The gnoll hits you with a +0 club.
* * * LOW HITPOINT WARNING * * *
You hit the gnoll. You bite the gnoll. You drain its power.
You feel invigorated.
The gnoll is severely wounded.
The gnoll hits you with a +0 club.
* * * LOW HITPOINT WARNING * * *
You barely miss the gnoll. You bite the gnoll, but do no damage.
The gnoll is severely wounded.
The gnoll hits you with a +0 club.
You die...

.. ... .... ######....
#......J.. #......... #
#.......<.
#.##########g........
#....#..†@ggg........
######
##...#####S##.#....
#.....###.†..#
..........
#....<##.##.^......B...
##..............##...#
..........#####.......
...# #..###.####
..#...#.# #... ...
#.##.#.... ...##


You could see 4 gnolls and a ball python.

Vanquished Creatures
  2 bats (D:1)
  An endoplasm (D:1)
  A giant cockroach (D:1)
  5 goblins (D:1)
  7 hobgoblins
  4 kobolds (D:1)
  3 ball pythons
  4 rats
27 creatures vanquished.

Notes
Turn   | Place    | Note
-------+----------+-------------------------------------------
     0 | D:1      | Angani the Vine Stalker Brigand began the quest for the
                  | Orb.
     0 | D:1      | Reached XP level 1. HP: 11/11 MP: 2/2
    75 | D:1      | Reached skill level 5 in Stealth
   108 | D:1      | Reached XP level 2. HP: 15/15 MP: 1/3
   684 | D:1      | Reached XP level 3. HP: 10/18 MP: 4/4
   752 | D:1      | Reached skill level 1 in Dodging
   966 | D:1      | Found a faded altar of an unknown god.
  1062 | D:2      | Slain by a gnoll

Illustrated notes

Levels and vault maps discovered:
D:1:      lemuel_arrival_broad_hall, layout_loops_ring,
          shapermc_ecumenical_altar_flowoftime, minmay_tromino_i4
D:2:      layout_rooms, minmay_misc_feat_iff

Skill      XL: |  1  2  3 |
---------------+----------+-----
Stealth        | 5 |  5.8
Dodging        | 1 |  1.1
Fighting       | 2 |  2.0
Short Blades   | |  1.9
Throwing       | |  1.7

Action                   || total
-------------------------++-------
Melee: Dagger            ||    43
       Bite              ||    10
       Falchion          ||    15
 Stab: Sleeping          ||     8
       Distracted        ||     1
Armor: Robe              ||    15
Dodge: Dodged            ||    19
